 Dungeon Crawl Stone Soup version 0.18-a0-750-g37044d6 (webtiles) character file.

114527 Raultor the Carver (level 16, -9/127 HPs)
             Began as a Demonspawn Gladiator on Dec 10, 2015.
             Was the Champion of Makhleb.
             Mangled by a dire flail of draining (13 damage)
             ... on level 2 of the Elven Halls on Dec 11, 2015.
             The game lasted 02:26:33 (28892 turns).

Raultor the Carver (Demonspawn Gladiator)          Turns: 28892, Time: 02:26:33

Health: -9/127     AC: 22    Str: 19    XL:     16   Next: 16%
Magic:  0/34       EV:  7    Int: 12    God:    Makhleb [******]
Gold:   2160       SH: 12    Dex: 19    Spells: 5 memorised, 5 levels left

rFire  + + .     SeeInvis +     S - +9 demon blade "Royng" {vamp, MP+9 Dex+2}
rCold  . . .     Clarity  .     q - +3 chain mail {rF+}
rNeg   . . .     SustAt   .     C - +0 large shield
rPois  +         Gourm    .     (helmet restricted)
rElec  +         Spirit   +     T - +1 cloak
rCorr  .         Dismiss  .     a - +1 pair of gloves of Pathos {rElec Int+2}
rMut   .         Stasis   .     k - +0 pair of boots
MR     +....                    M - amulet of regeneration {+regen, !d}
Stlth  +.........               b - ring of poison resistance {rPois, !d}
                                B - ring of protection from fire {rF+, !d}

@: about to teleport, very heavily drained, somewhat resistant to hostile
enchantments, very unstealthy
A: antennae 2, thin metallic scales 3, see invisible, mutation resistance 1,
nightstalker 2, regeneration 1, wild magic 1, magic shield, magic regeneration,
sturdy frame 1
a: Minor Destruction, Lesser Servant of Makhleb, Major Destruction, Greater
Servant of Makhleb, Renounce Religion


You were on level 2 of the Elven Halls.
You worshipped Makhleb.
Makhleb was exalted by your worship.
You were very hungry.

You visited 5 branches of the dungeon, and saw 30 of its levels.
You visited the Abyss 1 time.
You also visited: Ossuary, Bailey and Volcano.

You collected 3587 gold pieces.
You spent 1427 gold pieces at shops.

Inventory:

Hand Weapons
 z - the +5 falchion of Finoiheu {flame, +Fly MR++ MP+9}
   (You found it on level 3 of the Orcish Mines)

   It has been specially enchanted to burn those struck by it, causing extra
   injury to most foes and up to half again as much damage against particularly
   susceptible opponents.
   Big, fiery blades are also staple armaments of hydra-hunters.
   It affects your resistance to hostile enchantments.
   It affects your magic capacity (+9).
   It lets you fly.
 S - the +9 demon blade "Royng" (weapon) {vamp, MP+9 Dex+2}
   (You acquired it on level 11 of the Dungeon)

   It inflicts no extra harm, but heals its wielder somewhat when it strikes a
   living foe.
   It affects your dexterity (+2).
   It affects your magic capacity (+9).
Missiles
 o - a throwing net {=f, !d}
Armour
 a - the +1 pair of gloves of Pathos (worn) {rElec Int+2}
   (You bought it in a shop on level 15 of the Dungeon)

   It affects your intelligence (+2).
   It insulates you from electricity.
 k - a +0 pair of boots (worn)
   (You found it on level 4 of the Dungeon)
 q - a +3 chain mail of fire resistance (worn)
   (You found it in a volcano)
 C - a +0 large shield (worn)
   (You took it off Louise on level 1 of the Elven Halls)
 Q - a +2 chain mail of cold resistance
   (You took it off an orc warrior on level 12 of the Dungeon)
 T - a +1 cloak (worn)
   (You found it on level 1 of the Lair of Beasts)
Jewellery
 b - a ring of poison resistance (right hand) {rPois, !d}
   (You found it on level 1 of the Dungeon)
 j - an uncursed amulet of clarity {Clar, !d}
   (You found it on level 1 of the Dungeon)
 r - an uncursed ring of teleportation {+/*tele, !d}
   (You found it on level 2 of the Abyss)
 B - a ring of protection from fire (left hand) {rF+, !d}
   (You found it on level 2 of the Dungeon)
 M - an amulet of regeneration (around neck) {+regen, !d}
   (You found it on level 6 of the Dungeon)
Wands
 v - a wand of teleportation (4)
   (You found it on level 2 of the Lair of Beasts)
 w - a wand of digging (3)
   (You found it on level 10 of the Dungeon)
 U - a wand of hasting (1)
   (You found it on level 13 of the Dungeon)
 Z - a wand of disintegration (8)
   (You found it on level 10 of the Dungeon)
Scrolls
 h - 2 scrolls of amnesia
 m - 4 scrolls of recharging
 p - 5 scrolls of magic mapping {!r}
 s - 9 scrolls of teleportation
 t - 5 scrolls of enchant weapon
 u - 3 scrolls of fog
 x - 4 scrolls of blinking {!r}
 y - 11 scrolls of remove curse
 E - a scroll of brand weapon
 J - a scroll of summoning
 K - 4 scrolls of enchant armour
 P - 5 scrolls of fear
 W - 3 scrolls of identify
Potions
 c - 3 potions of invisibility
 g - 12 potions of curing
 i - 2 potions of cancellation
 A - 2 potions of brilliance
 L - 3 potions of might
 N - 5 potions of haste
 O - 5 potions of heal wounds
 R - 4 potions of magic
 V - a potion of flight
 X - 2 potions of resistance
Books
 G - a book of the Warp
   (You found it on level 2 of the Abyss)
Miscellaneous
 l - a fan of gales
   (You found it on level 10 of the Dungeon)
 F - a stone of tremors
   (You found it on level 4 of the Lair of Beasts)
 H - a lamp of fire
   (You bought it in a shop on level 12 of the Dungeon)
Comestibles
 e - 14 bread rations {@e1}
 f - 10 meat rations {@e2}
 n - 13 fruits
 D - 4 beef jerkies
 Y - 16 royal jellies


   Skills:
 + Level 12.2(7.4) Fighting
 * Level 12.7(7.8) Long Blades
   Level 10.1(5.5) Maces & Flails
 - Level 1.7(0.0) Throwing
 - Level 10.4(5.8) Armour
 + Level 10.0(5.4) Dodging
 + Level 4.6(0.7) Shields
 + Level 6.4(2.3) Charms
 - Level 12.0(7.2) Invocations
 + Level 6.8(2.6) Evocations


You had 5 spell levels left.
You knew the following spells:

 Your Spells              Type           Power        Failure   Level  Hunger
b - Blink                 Tloc           N/A          100%        2    ###....
d - Repel Missiles        Chrm/Air       #.....       100%        2    ###....
g - Apportation           Tloc           #.........   100%        1    ##.....
r - Regeneration          Chrm/Necr      #.........   100%        3    ####...
s - Swiftness             Chrm/Air       #.......     100%        2    ###....


Dungeon Overview and Level Annotations

Branches:
Dungeon (15/15)            Temple (1/1) D:4            Lair (8/8) D:10
 Shoals (0/4) Lair:5       Spider (0/4) Lair:4        Slime (0/6) Lair:8
    Orc (4/4) D:12            Elf (2/3) Orc:3        Vaults (0/5) D:13
 Depths (0/5) D:15

Altars:
Ashenzari
Cheibriados
Dithmenos
Elyvilon
Fedhas
Gozag
Kikubaaqudgha
Makhleb
Nemelex Xobeh
Okawaru
Pakellas
Qazlal
Ru
Sif Muna
Trog
Vehumet
Xom
Yredelemnul
Zin
The Shining One
Beogh

Shops:
D:12 *(}:   D:15 (([%}   Orc:1 %   Orc:3 ?   Orc:4 :((!   Elf:1 :!!**


Innate Abilities, Weirdness & Mutations

You have a pair of antennae on your head.
You are completely covered in thin metallic scales (AC +4, rElec).
You are significantly more attuned to the shadows.
When hurt, damage is shared between your health and your magic reserves.
You regenerate magic rapidly.
You have supernaturally acute eyesight.
You are somewhat resistant to further mutation.
Your natural rate of healing is unusually fast.
Your spells are a little harder to cast, but a little more powerful.
Your movements are slightly less encumbered by armour (ER -2).


Message History

Health restored: 127
Things that are here:
a long sword; a leather armour; a buckler You sense a monster nearby.
MP restored: 34 Unknown command.
A dancing weapon and a deep elf priest come into view.
The deep elf priest shouts!
The deep elf priest mumbles some strange prayers to its god against you.
You resist with significant effort.
A dire flail of draining comes into view.
You block the battleaxe of flaming's attack.
Your shield and chain mail prevent you from hitting the battleaxe of flaming.
You block the battleaxe of flaming's attack.
You hit the battleaxe of flaming.
You block the battleaxe of flaming's attack.
You miss the battleaxe of flaming.
You block the dire flail of draining's attack.
You block the battleaxe of flaming's attack.
You closely miss the battleaxe of flaming.
The dire flail of draining hits you but does no damage.
You feel drained.
The battleaxe of flaming hits you but does no damage.
The dire flail of draining hits you!!
You feel drained.
You take 24 damage, and have 103/127 hp.
You now have 28/34 mp.
You miss the dire flail of draining.
You block the dire flail of draining's attack.
You barely miss the dire flail of draining.
The battleaxe of flaming hits you!
You block the dire flail of draining's attack.
A deep elf knight comes into view. It is wielding a long sword.
You take 6 damage, and have 97/127 hp.
You miss the dire flail of draining.
The deep elf knight shouts!
You block the dire flail of draining's attack.
The battleaxe of flaming barely misses you.
The dire flail of draining hits you.
You feel drained.
You slash the dire flail of draining! The battleaxe of flaming hits you!
The battleaxe of flaming burns you.
You block the dire flail of draining's attack.
You take 9 damage, and have 88/127 hp.
You now have 26/34 mp.
Unknown command.
A demon appears!
You feel somewhat more hungry. The dire flail of draining hits you!
You feel drained. The battleaxe of flaming hits you!
The battleaxe of flaming burns you.
The battleaxe of flaming hits your blizzard demon!
The battleaxe of flaming burns your blizzard demon!
You take 29 damage, and have 59/127 hp.
MASSIVE DAMAGE!!
You now have 19/34 mp.
Read which item? (? for menu, Esc to quit)
None of your equipped items are cursed.
You miss the dire flail of draining.
The dire flail of draining hits you but does no damage.
You feel drained.
The battleaxe of flaming barely misses you.
The battleaxe of flaming hits your blizzard demon!
The battleaxe of flaming burns your blizzard demon.
The dire flail of draining closely misses you.
Your shield and chain mail prevent you from hitting the dire flail of draining.
Your blizzard demon hits the battleaxe of flaming but does no damage.
Your blizzard demon completely misses the battleaxe of flaming.
The dire flail of draining hits you!!
You feel drained.
The deep elf knight gestures wildly while chanting.
The deep elf knight seems to speed up.
The battleaxe of flaming hits you but does no damage.
The battleaxe of flaming closely misses your blizzard demon.
You take 16 damage, and have 44/127 hp.
You now have 16/34 mp.
You closely miss the dire flail of draining.
The dire flail of draining hits you!!
* * * LOW HITPOINT WARNING * * *
You feel drained.
* * * LOW HITPOINT WARNING * * *
Your blizzard demon waves its arms in wide circles.
The battleaxe of flaming is struck by the twisting air!
The battleaxe of flaming hits you!!
* * * LOW HITPOINT WARNING * * *
The battleaxe of flaming burns you.
* * * LOW HITPOINT WARNING * * *
The battleaxe of flaming hits your blizzard demon!
The battleaxe of flaming burns your blizzard demon.
The dire flail of draining hits you.
* * * LOW HITPOINT WARNING * * *
You feel drained.
Your blizzard demon barely misses the battleaxe of flaming. x2
You take 40 damage, and have 4/127 hp.
MASSIVE DAMAGE!!
You now have 1/34 mp.
Drink which item? (? for menu, Esc to quit)
Okay, then.
Read which item? (? for menu, Esc to quit)
As you read the scroll of teleportation, it crumbles to dust.
You feel strangely unstable. The dire flail of draining hits you!
You die...

.(......#
........##
.........##
..........#
.........#
#...#
##ee##
##((## #
##2@..#
..##.....#
........##
.....)..#
....).###
####### ###
#########
#.#
#.......##
#.#
####.....##


You could see a deep elf knight, a deep elf priest, 2 dancing weapons and a
friendly blizzard demon.

Vanquished Creatures
  A fire giant (Orc:3)
  Louise (Elf:1)
  A deep elf demonologist (Elf:1)
  Azrael (Elf:1)
  A dire elephant (D:15)
  An ogre mage (Orc:4)
  A catoblepas (Lair:8)
  Erolcha (Orc:4)
  An ice dragon (D:13)
  2 death yaks (Lair:8)
  2 centaur warriors (D:13)
  4 dancing weapons (Elf:2)
  3 tengu warriors (D:15)
  Urug (Volcano)
  Nergalle (Orc:4)
  A small abomination (Elf:1)
  7 deep elf knights
  A fire crab (shapeshifter) (D:13)
  A wretched star (Abyss:2)
  11 deep elf summoners (Elf:1)
  An unseen horror (D:12)
  A giant orange brain (shapeshifter) (D:15)
  19 hill giants
  The ghost of cluie the Insei, a novice DsTm of Ru (D:8)
  Pikel (D:4)
  A wizard (D:14)
  5 deep elf conjurers
  A manticore (shapeshifter) (D:15)
  An oklob plant (Lair:3)
  5 orc sorcerers
  4 orc knights
  3 griffons
  8 ugly things
  5 manticores
  9 cyclopes
  2 centaur zombies
  Maurice (D:11)
  7 black mambas
  18 elephants
  A spiny frog (shapeshifter) (D:13)
  5 komodo dragons
  15 spiny frogs
  2 fire drakes
  A merfolk (Lair:5)
  4 deep elf priests (Elf:1)
  7 trolls
  Grinder (D:4)
  8 slime creatures
  A queen bee (D:14)
  16 blink frogs
  2 boulder beetles
  A spriggan (D:7)
  10 deep elf magi
  7 deep elf fighters
  2 trapdoor spiders
  4 wraiths
  6 wyverns
  29 yaks
  3 hungry ghosts
  A fire elemental (Elf:1)
  A shadow (D:15)
  2 water elementals (D:14)
  6 hippogriffs
  6 basilisks
  Menkaure (D:6)
  6 vampire mosquitoes (D:15)
  9 wargs
  5 wolves
  A hippogriff (shapeshifter) (D:13)
  8 water moccasins
  2 soldier ants (D:12)
  15 porcupines
  3 hell hounds (Elf:1)
  4 slaves
  2 black bears (D:9)
  4 sky beasts
  8 centaurs
  6 ice beasts
  28 orc warriors
  3 necrophages
  13 ogres
  2 phantoms
  9 crocodiles
  3 big kobolds
  13 giant frogs
  A gnoll sergeant (D:12)
  A wyvern skeleton (D:12)
  4 scorpions
  36 killer bees
  2 wights (D:15)
  3 electric eels (D:14)
  5 hounds
  A lava snake (Orc:3)
  28 orc priests
  A crimson imp (D:14)
  5 centaur skeletons
  2 human zombies (D:15)
  The ghost of cireshan the Vexing, a weakling FeEn (D:4)
  2 giant frog skeletons
  A human skeleton (D:15)
  3 jellies
  7 iguanas
  44 orc wizards
  13 worker ants
  4 big kobold zombies (Ossuary)
  15 sheep
  3 mummies
  79 river rats
  19 gnolls
  16 adders
  4 oozes
  A worm zombie (D:7)
  2 adder zombies (D:5)
  A worm (Lair:4)
  203 orcs
  2 spectral bats (Ossuary)
  3 ball pythons (D:4)
  9 bats
  3 giant cockroaches
  11 goblins
  16 hobgoblins
  15 jackals
  28 kobolds
  8 quokkas
  2 bat simulacra (Ossuary)
  2 giant geckos
  A giant gecko skeleton (D:4)
  3 giant newts
  8 gnoll zombies (Ossuary)
  4 goblin simulacra (Ossuary)
  7 goblin zombies (Ossuary)
  2 jackal zombies (D:7)
  6 kobold simulacra (Ossuary)
  5 kobold zombies (Ossuary)
  An orc skeleton (D:15)
  7 orc zombies
  14 rats
  3 rat simulacra (Ossuary)
  5 spectral goblins (Ossuary)
  4 spectral kobolds (Ossuary)
  4 spectral rats (Ossuary)
  A bush (Lair:3)
  A crawling corpse (Elf:1)
  A plant (Lair:7)
1105 creatures vanquished.

Vanquished Creatures (collateral kills)
  7 hydras
  An ogre mage (Orc:4)
  A hill giant (D:10)
  2 orc sorcerers (Orc:4)
  2 griffons
  An elephant (Lair:8)
  3 spiny frogs (Lair:8)
  3 blink frogs (Lair:3)
  2 yaks (Lair:7)
  2 wolves (Lair:2)
  A jelly (Lair:8)
  3 orc wizards (Orc:4)
  10 river rats
  2 oozes (Lair:8)
  2 orcs (Orc:4)
42 creatures vanquished.

Vanquished Creatures (others)
  A deep elf knight (Elf:1)
  2 deep elf fighters (Elf:1)
  A scorpion (Lair:4)
  An orc wizard (D:4)
  A worm (Lair:4)
  4 fungi
  2 plants
12 creatures vanquished.

Grand Total: 1159 creatures vanquished

Notes
Turn   | Place    | Note
--------------------------------------------------------------
     0 | D:1      | Raultor the Demonspawn Gladiator began the quest for the Orb.
     0 | D:1      | Reached XP level 1. HP: 16/16 MP: 1/1
    71 | D:1      | Reached skill level 3 in Maces & Flails
    71 | D:1      | Gained mutation: You are partially covered in thin metallic scales (AC +2). [demonic ancestry]
    71 | D:1      | Reached XP level 2. HP: 15/22 MP: 2/2
   336 | D:1      | Reached skill level 3 in Dodging
   347 | D:1      | Reached skill level 1 in Armour
   359 | D:1      | Gained mutation: You are mostly covered in thin metallic scales (AC +3). [demonic ancestry]
   359 | D:1      | Reached XP level 3. HP: 14/27 MP: 3/3
  1680 | D:3      | Reached XP level 4. HP: 26/33 MP: 4/4
  1935 | D:3      | Reached skill level 1 in Shields
  2089 | D:3      | Found a faded altar to an unknown god.
  2217 | D:4      | Found a staircase to the Ecumenical Temple.
  2257 | D:4      | Reached skill level 4 in Maces & Flails
  2257 | D:4      | Reached skill level 2 in Armour
  2257 | D:4      | Reached XP level 5. HP: 39/39 MP: 5/5
  2276 | Temple   | Entered the Ecumenical Temple
  2464 | D:4      | Noticed cireshan's ghost (weakling FeEn)
  2473 | D:4      | Noticed Grinder
  2496 | D:4      | HP: 7/39 [cireshan's ghost/spray of energy (10)]
  2995 | D:4      | Gained mutation: Your natural rate of healing is unusually fast. [potion of mutation]
  2995 | D:4      | Gained mutation: Your movements are slightly less encumbered by armour (ER -2). [potion of mutation]
  2995 | D:4      | Gained mutation: You are somewhat resistant to further mutation. [potion of mutation]
  3144 | D:4      | Killed cireshan's ghost
  3144 | D:4      | Gained mutation: You have a pair of small antennae on your head. [demonic ancestry]
  3144 | D:4      | Reached XP level 6. HP: 37/46 MP: 6/6
  3189 | D:4      | Reached skill level 2 in Shields
  3229 | D:4      | Killed Grinder
  3229 | D:4      | Reached skill level 3 in Fighting
  3229 | D:4      | Reached skill level 5 in Maces & Flails
  3229 | D:4      | Reached skill level 3 in Armour
  3229 | D:4      | Reached XP level 7. HP: 42/52 MP: 7/7
  3241 | D:4      | Learned a level 1 spell: Apportation
  3351 | D:4      | Noticed Pikel
  3391 | D:5      | Entered Level 5 of the Dungeon
  3542 | D:4      | HP: 9/52 [Pikel/whip of electrocution (17)]
  4481 | D:5      | Reached skill level 3 in Shields
  4621 | D:5      | Reached skill level 4 in Fighting
  4764 | D:4      | Found an iron altar of Okawaru.
  5025 | D:4      | Killed Pikel
  5025 | D:4      | Reached skill level 6 in Maces & Flails
  5025 | D:4      | Gained mutation: When hurt, damage is shared between your health and your magic reserves. [demonic ancestry]
  5025 | D:4      | Reached XP level 8. HP: 27/61 MP: 8/8
  5223 | D:4      | Reached skill level 4 in Armour
  5642 | D:6      | Found a burning altar of Makhleb.
  5650 | D:6      | Became a worshipper of Makhleb the Destroyer
  5820 | D:6      | Noticed Menkaure
  5832 | D:6      | Killed Menkaure
  5832 | D:6      | Reached skill level 4 in Shields
  5832 | D:6      | Reached skill level 1 in Invocations
  6147 | D:6      | Reached skill level 5 in Fighting
  6386 | D:7      | Reached skill level 7 in Maces & Flails
  6414 | D:7      | Found a sand-covered staircase.
  6476 | Ossuary  | Entered an ossuary
  6595 | Ossuary  | Reached * piety under Makhleb
  6685 | Ossuary  | Reached skill level 2 in Invocations
  6802 | Ossuary  | Reached ** piety under Makhleb
  6966 | D:7      | Gained mutation: You regenerate magic rapidly. [demonic ancestry]
  6966 | D:7      | Reached XP level 9. HP: 35/68 MP: 3/10
  7000 | D:7      | Found a flagged portal.
  7010 | Bailey   | Entered a bailey
  7114 | Bailey   | Reached *** piety under Makhleb
  7134 | Bailey   | Noticed an orc knight
  7245 | Bailey   | Killed an orc knight
  7245 | Bailey   | Reached skill level 3 in Invocations
  7580 | D:7      | Reached skill level 4 in Dodging
  7624 | D:7      | Found a stormy altar of Qazlal.
  7746 | D:7      | Found a shimmering altar of Xom.
  7913 | D:7      | Reached skill level 5 in Armour
  7913 | D:7      | Reached skill level 4 in Invocations
  8097 | D:8      | Noticed cluie's ghost (novice DsTm)
  8124 | D:8      | Killed cluie's ghost
  8124 | D:8      | Reached skill level 8 in Maces & Flails
  8293 | D:8      | Reached skill level 6 in Fighting
  8487 | D:8      | Found a radiant altar of Vehumet.
  8492 | D:8      | Found a shattered altar of Ashenzari.
  8806 | D:8      | Reached skill level 5 in Invocations
  8829 | D:9      | Learned a level 2 spell: Repel Missiles
  8832 | D:9      | Learned a level 2 spell: Swiftness
  8879 | D:9      | Reached XP level 10. HP: 76/76 MP: 14/14
  8890 | D:9      | Reached **** piety under Makhleb
  9427 | D:9      | Learned a level 3 spell: Regeneration
  9537 | D:9      | Reached skill level 9 in Maces & Flails
  9537 | D:9      | Reached skill level 6 in Invocations
  9563 | D:9      | Reached skill level 5 in Dodging
  9734 | D:10     | Entered Level 10 of the Dungeon
  9915 | D:10     | Reached skill level 6 in Armour
 10047 | D:10     | Reached ***** piety under Makhleb
 10072 | D:10     | Gained mutation: Your spells are a little harder to cast, but a little more powerful. [potion of beneficial mutation]
 10073 | D:10     | Gained mutation: You have supernaturally acute eyesight. [potion of beneficial mutation]
 10076 | D:10     | Identified a scroll of acquirement
 10237 | D:10     | Noticed a hill giant
 10243 | D:10     | Killed a hill giant
 10301 | D:10     | Found a staircase to the Lair.
 10312 | D:10     | Reached skill level 7 in Fighting
 10312 | D:10     | Reached skill level 7 in Invocations
 10655 | D:11     | Noticed a manticore
 10676 | D:11     | Killed a manticore
 10723 | D:11     | Noticed Maurice
 10774 | D:11     | Killed Maurice
 10774 | D:11     | Reached XP level 11. HP: 82/84 MP: 16/16
 10997 | D:11     | HP: 18/84 [orc warrior/halberd (15)]
 11098 | D:11     | Reached skill level 10 in Maces & Flails
 11201 | D:11     | Reached skill level 8 in Invocations
 11242 | D:11     | Found a blossoming altar of Fedhas.
 11398 | D:11     | Got an iridescent demon blade
 11400 | D:11     | Identified the +9 demon blade "Royng" {vamp, MP+9 Dex+2} (You acquired it on level 11 of the Dungeon)
 11441 | D:12     | Reached skill level 6 in Dodging
 11481 | D:12     | Found Hest's Gadget Shoppe.
 11489 | D:12     | Bought a lamp of fire for 600 gold pieces
 11495 | D:12     | Found Guthry Gyuri's Antique Weapon Shoppe.
 11553 | D:12     | Noticed an unseen horror
 11559 | D:12     | Reached skill level 1 in Long Blades
 11585 | D:12     | Killed an unseen horror
 11594 | D:12     | Found Xuzo's Book Emporium.
 11632 | D:12     | Reached skill level 2 in Long Blades
 11632 | D:12     | Reached skill level 7 in Armour
 11662 | D:12     | Reached skill level 8 in Fighting
 11810 | D:12     | Reached skill level 3 in Long Blades
 11917 | D:12     | Found Reacvys's General Store.
 12157 | D:12     | Found a staircase to the Orcish Mines.
 12173 | D:12     | Reached ****** piety under Makhleb
 12185 | D:12     | Reached skill level 9 in Invocations
 12309 | D:12     | Reached skill level 4 in Long Blades
 12391 | D:13     | Noticed a fire crab
 12396 | D:13     | Noticed a ghost crab
 12397 | D:13     | Noticed a fire crab
 12397 | D:13     | a ghost crab changed into a fire crab
 12401 | D:13     | Noticed a spectral anaconda
 12422 | D:13     | Killed a fire crab
 12529 | D:13     | Gained mutation: You are slightly more attuned to the shadows. [demonic ancestry]
 12529 | D:13     | Reached XP level 12. HP: 94/94 MP: 18/18
 12681 | D:13     | Reached skill level 7 in Dodging
 12709 | D:13     | Noticed a centaur warrior
 12719 | D:13     | Killed a centaur warrior
 12781 | D:13     | Noticed a ghost crab
 12781 | D:13     | a fire crab changed into a ghost crab
 12782 | D:13     | a ghost crab changed into an anubis guard
 12783 | D:13     | Noticed an ice dragon
 12795 | D:13     | Killed an ice dragon
 12795 | D:13     | Reached skill level 5 in Long Blades
 12865 | D:13     | Found a gate to the Vaults.
 13176 | D:13     | Noticed a centaur warrior
 13183 | D:13     | Killed a centaur warrior
 13205 | D:14     | Reached skill level 8 in Armour
 13300 | D:14     | Reached skill level 10 in Invocations
 13375 | D:14     | Reached skill level 6 in Long Blades
 13385 | D:14     | Reached skill level 9 in Fighting
 14039 | D:14     | Reached skill level 7 in Long Blades
 14162 | D:15     | Entered Level 15 of the Dungeon
 14166 | D:15     | Found Solotuemn's Antique Weapon Shoppe.
 14222 | D:15     | Found Oghidubb's Food Shop.
 14287 | D:15     | Gained mutation: You are completely covered in thin metallic scales (AC +4, rElec). [demonic ancestry]
 14287 | D:15     | Reached XP level 13. HP: 98/101 MP: 21/21
 14422 | D:15     | Reached skill level 8 in Dodging
 14473 | D:15     | Found a staircase to the Depths.
 14473 | D:15     | Noticed a dire elephant
 14511 | D:15     | Killed a dire elephant
 14511 | D:15     | Reached skill level 11 in Invocations
 14521 | D:14     | Reached skill level 9 in Armour
 14626 | D:15     | Found Renex's Antique Armour Emporium.
 14632 | D:15     | Bought a pair of jewelled gloves for 408 gold pieces
 14644 | D:15     | Identified the +1 pair of gloves of Pathos {rElec Int+2} (You bought it in a shop on level 15 of the Dungeon)
 14762 | D:15     | Reached skill level 8 in Long Blades
 14772 | D:15     | Found Dexumok's Antique Weapon Shop.
 15199 | D:15     | Found Qareto's Gadget Shoppe.
 15285 | D:15     | Found a basalt altar of Yredelemnul.
 15486 | Lair:1   | Entered Level 1 of the Lair of Beasts
 15792 | Lair:1   | Reached skill level 9 in Long Blades
 15798 | Lair:1   | Reached skill level 10 in Fighting
 17095 | Lair:3   | Reached skill level 12 in Invocations
 17423 | Lair:3   | Learned a level 2 spell: Blink
 17623 | Lair:3   | Got a smoking mace
 17624 | Lair:3   | Identified the +5 mace of Tension {crush, +Rage rC+} (You found it on level 3 of the Lair of Beasts)
 17840 | Lair:4   | Reached XP level 14. HP: 110/110 MP: 23/23
 17942 | Lair:4   | Reached skill level 9 in Dodging
 17948 | Lair:4   | Reached skill level 1 in Charms
 17982 | Lair:4   | Found a hole to the Spider Nest.
 18235 | Lair:4   | Reached skill level 1 in Evocations
 18858 | Lair:5   | Reached skill level 2 in Charms
 18875 | Lair:5   | Found a dark tunnel.
 18880 | Volcano  | Entered a volcano
 19085 | Volcano  | Noticed Urug
 19101 | Volcano  | Killed Urug
 19369 | Lair:5   | Found a staircase to the Shoals.
 19781 | Lair:5   | Reached skill level 10 in Long Blades
 20008 | Lair:6   | Reached skill level 2 in Evocations
 20709 | Lair:7   | Reached skill level 3 in Charms
 21023 | Lair:7   | Reached skill level 11 in Fighting
 21195 | Lair:7   | Reached skill level 3 in Evocations
 21611 | Lair:8   | Entered Level 8 of the Lair of Beasts
 21914 | Lair:8   | Reached skill level 11 in Long Blades
 21914 | Lair:8   | Reached skill level 4 in Evocations
 21930 | Lair:8   | Got an iridescent scimitar
 21931 | Lair:8   | Identified the +8 scimitar "Kitoch" {slice, *Drain rC+++ Int+4 Dex-5} (You found it on level 8 of the Lair of Beasts)
 22059 | Lair:8   | Reached skill level 4 in Charms
 22359 | Lair:8   | Gained mutation: You have a pair of antennae on your head. [demonic ancestry]
 22359 | Lair:8   | Reached XP level 15. HP: 119/119 MP: 24/24
 22361 | Lair:8   | Found a staircase to the Slime Pits.
 23114 | Orc:1    | Entered Level 1 of the Orcish Mines
 24235 | Orc:1    | Found Nuilotom's Food Shop.
 24566 | Orc:3    | Found a staircase to the Elven Halls.
 24685 | Orc:3    | Found Uteatrym's Magic Scroll Shop.
 25070 | Orc:3    | Reached skill level 5 in Charms
 25126 | Orc:3    | Reached skill level 10 in Armour
 25131 | Orc:3    | Reached skill level 5 in Evocations
 25189 | Orc:3    | Got a shimmering falchion
 25190 | Orc:3    | Identified the +5 falchion of Finoiheu {flame, +Fly MR++ MP+9} (You found it on level 3 of the Orcish Mines)
 25227 | Orc:3    | Identified the Collected Works on Conjuration and Contamination
 25232 | Orc:3    | Got an ancient long sword
 25233 | Orc:3    | Identified the +2 long sword of Instant Death {antimagic, Dex+2} (You found it on level 3 of the Orcish Mines)
 25342 | Orc:4    | Entered Level 4 of the Orcish Mines
 25480 | Orc:4    | Found a roughly hewn altar of Beogh.
 25996 | Orc:4    | Found Feamyil's Antique Weapon Shop.
 26017 | Orc:4    | Found a radiant altar of Vehumet.
 26018 | Orc:4    | Noticed Erolcha
 26020 | Orc:4    | Paralysed by an orc sorcerer for 5 turns
 26050 | Orc:4    | Killed Erolcha
 26067 | Orc:4    | Found Ehad's Book Shop.
 26082 | Orc:4    | Noticed Nergalle
 26113 | Orc:4    | Reached skill level 12 in Long Blades
 26116 | Orc:4    | Killed Nergalle
 26119 | Orc:4    | Found an ancient bone altar of Kikubaaqudgha.
 26194 | Orc:4    | Found a roughly hewn altar of Beogh.
 26194 | Orc:4    | Found Dogg's Distillery.
 26212 | Orc:4    | Paralysed by an orc sorcerer for 5 turns
 26232 | Orc:4    | Found Ytzegesu's Antique Weapon Boutique.
 26236 | Orc:4    | Bought a potion of heal wounds for 65 gold pieces
 26236 | Orc:4    | Bought a potion of invisibility for 104 gold pieces
 26255 | Orc:4    | Upgraded the game from 0.18-a0-739-gdae9da8 to 0.18-a0-750-g37044d6
 26566 | Orc:3    | Found a roughly hewn altar of Beogh.
 26664 | Elf:1    | Entered Level 1 of the Elven Halls
 26764 | Elf:1    | Found Rysong's Book Boutique.
 26796 | Elf:1    | Cast into level 2 of the Abyss (a deep elf demonologist)
 26883 | Elf:1    | Escaped the Abyss
 26900 | Elf:1    | Reached skill level 12 in Fighting
 26964 | Elf:1    | Reached skill level 6 in Evocations
 27099 | Elf:1    | Reached skill level 6 in Charms
 27174 | Elf:1    | Noticed Louise
 27220 | Elf:1    | Killed Louise
 27305 | Elf:1    | Found Devoesh's Assorted Antiques.
 27343 | Elf:1    | Bought a scroll of identify for 56 gold pieces
 27355 | Elf:1    | Noticed Azrael
 27377 | Elf:1    | Killed Azrael
 27526 | Elf:1    | Found Nyzel's Assorted Antiques.
 27533 | Elf:1    | Bought a scroll of identify for 54 gold pieces
 27610 | Elf:1    | Gained mutation: You are significantly more attuned to the shadows. [demonic ancestry]
 27610 | Elf:1    | Reached XP level 16. HP: 116/127 MP: 25/25
 27715 | Elf:1    | Found Zadghithru's Distillery.
 27721 | Elf:1    | Bought a potion of might for 40 gold pieces
 27807 | Elf:1    | Found Usenuapp's Distillery.
 27836 | Elf:1    | Identified Sif Muna's Papyrus of Companions (You found it on level 1 of the Elven Halls)
 28034 | Elf:1    | Bought a potion of haste for 100 gold pieces
 28167 | Elf:2    | Found a huge runed gate.
 28167 | Elf:2    | Found a huge runed gate.
 28167 | Elf:2    | Found a huge runed gate.
 28167 | Elf:2    | Found a huge runed gate.
 28167 | Elf:2    | Found a huge runed gate.
 28702 | Elf:2    | HP: 27/127 [glaive of flaming (10)]
 28862 | Elf:2    | Reached skill level 10 in Dodging
 28891 | Elf:2    | HP: 27/127 [dire flail of draining (18)]
 28891 | Elf:2    | HP: 7/127 [battleaxe of flaming (19)]
 28892 | Elf:2    | Mangled by a dire flail of draining

Vault maps used:
D:1:      shiori_arrival_maze
D:2:      kennysheep_generic_room_5
D:3:      ecumenical_altar_1
D:4:      nicolae_overflow_hidden_temple, minmay_temple_entry_mist,
          serial_bayou_lagoon_a, uniq_grinder, uniq_pikel
D:5:      first_bread, serial_park_tiny_2
D:6:      overflow_temple_1_default, uniq_menkaure
D:7:      kennysheep_mini, overflow_temple_1_default, serial_co_window_serial,
          co_window_of_opportunity_a, co_window_of_opportunity_a,
          co_window_paths_a, co_window_of_opportunity_a, co_window_paths_b,
          co_window_cross_2, co_window_broadway_a, co_window_unsneaky_path_c,
          co_window_broadway_b, co_window_2corner, co_window_sun,
          glass_columns_c, glass_columns_b, enter_ossuary_3, enter_bailey_3,
          the_bakery
D:8:      minitemple
D:9:      minmay_goldmine
D:10:     dpeg_lair_monsters
D:11:     kennysheep_spiral_hall, fedhas_altar_4, uniq_maurice
D:12:     kennysheep_orc_monster_closet_entryway, serial_shops,
          kennysheep_mini_moat, shop, shop, nicolae_shop_waterfront,
          grunt_ministairs_14
D:13:     david_vaults_4, serial_column_ruins, column_ruins_open_small,
          column_ruins_open_tiny, column_ruins_columns_corner,
          column_ruins_open_medium_water, column_ruins_columns_straight,
          eino_curves_03
D:14:     special_room
D:15:     hangedman_depths_entry_try_elsewhere_first,
          lemuel_mausoleum_altar_yredelemnul, serial_shops,
          nicolae_shop_overgrown_old_shop, nicolae_shop_stone, shop, shop,
          nicolae_shop_overgrown_old_shop
Temple:   water_room_temple_a_12
Lair:1:   minivault_25, beast_lair_carwin_10
Lair:2:   statuecave_lemuel, infiniplex_staircase_pool_2
Lair:3:   minmay_lair_oklob_bushes
Lair:4:   nicolae_spider_entry_non_spiders
Lair:5:   elwin_shoals_entry_rocks, enter_volcano_4, minivault_26, minmay_holes
Lair:6:   lookout_lair_type, grunt_megastairs_4
Lair:7:   lemuel_fruit_tree
Lair:8:   hangedman_lair_in_review, nicolae_slime_entry_slimehenge
Orc:1:    serial_shops, nicolae_shop_stone
Orc:3:    giant_chief_lemuel, serial_shops, shop, nicolae_orc_pool_cavern,
          minmay_orc_temple_a
Orc:4:    kennysheep_orc_mage_school, mines2_david
Elf:1:    serial_shops, nicolae_shop_waterfront, shop, shop, shop, shop,
          minmay_elf_demonology, grunt_megastairs_2, uniq_azrael, uniq_louise
Abyss:2:  hangedman_abyss_lost_library
Ossuary:  ossuary_zaba_two_paths
Bailey:   bailey_axe_2, bailey
Volcano:  volcano_pools

Action                   |  1- 3 |  4- 6 |  7- 9 | 10-12 | 13-15 | 16-18 || total
-------------------------+-------+-------+-------+-------+-------+-------++-------
Melee: Flail             |   156 |   177 |   175 |    53 |       |       ||   561
       Morningstar       |       |       |     7 |       |       |       ||     7
       Whip              |       |       |   527 |   410 |       |       ||   937
       Demon blade       |       |       |       |   674 |  2351 |   175 ||  3200
Invok: Greater Servant o |       |       |       |       |    10 |     1 ||    11
       Lesser Servant of |       |       |       |       |     1 |       ||     1
       Major Destruction |       |       |       |       |     1 |       ||     1
Evoke: Fan of gales      |       |       |       |     1 |     1 |       ||     2
       Lamp of fire      |       |       |       |       |     2 |       ||     2
       Wand              |       |       |       |       |     2 |       ||     2
  Use: Scroll            |       |     5 |     1 |    21 |    14 |     4 ||    45
       Potion            |       |     4 |     5 |     3 |     1 |       ||    13
 Stab: Sleeping          |     1 |       |       |       |       |       ||     1
       Distracted        |       |       |       |       |     4 |       ||     4
       Petrified         |       |       |       |       |     1 |       ||     1
  Eat: Chunk             |     3 |     5 |    13 |    22 |    45 |     3 ||    91
       Beef jerky        |       |       |     1 |       |       |       ||     1
       Royal jelly       |       |       |     1 |       |     1 |       ||     2
       Bread ration      |       |       |     1 |     2 |       |       ||     3
       Pizza             |       |       |     1 |       |       |       ||     1

Vault maps used:
D:1:      shiori_arrival_maze
D:2:      kennysheep_generic_room_5
D:3:      ecumenical_altar_1
D:4:      nicolae_overflow_hidden_temple, minmay_temple_entry_mist,
          serial_bayou_lagoon_a, uniq_grinder, uniq_pikel
D:5:      first_bread, serial_park_tiny_2
D:6:      overflow_temple_1_default, uniq_menkaure
D:7:      kennysheep_mini, overflow_temple_1_default, serial_co_window_serial,
          co_window_of_opportunity_a, co_window_of_opportunity_a,
          co_window_paths_a, co_window_of_opportunity_a, co_window_paths_b,
          co_window_cross_2, co_window_broadway_a, co_window_unsneaky_path_c,
          co_window_broadway_b, co_window_2corner, co_window_sun,
          glass_columns_c, glass_columns_b, enter_ossuary_3, enter_bailey_3,
          the_bakery
D:8:      minitemple
D:9:      minmay_goldmine
D:10:     dpeg_lair_monsters
D:11:     kennysheep_spiral_hall, fedhas_altar_4, uniq_maurice
D:12:     kennysheep_orc_monster_closet_entryway, serial_shops,
          kennysheep_mini_moat, shop, shop, nicolae_shop_waterfront,
          grunt_ministairs_14
D:13:     david_vaults_4, serial_column_ruins, column_ruins_open_small,
          column_ruins_open_tiny, column_ruins_columns_corner,
          column_ruins_open_medium_water, column_ruins_columns_straight,
          eino_curves_03
D:14:     special_room
D:15:     hangedman_depths_entry_try_elsewhere_first,
          lemuel_mausoleum_altar_yredelemnul, serial_shops,
          nicolae_shop_overgrown_old_shop, nicolae_shop_stone, shop, shop,
          nicolae_shop_overgrown_old_shop
Temple:   water_room_temple_a_12
Lair:1:   minivault_25, beast_lair_carwin_10
Lair:2:   statuecave_lemuel, infiniplex_staircase_pool_2
Lair:3:   minmay_lair_oklob_bushes
Lair:4:   nicolae_spider_entry_non_spiders
Lair:5:   elwin_shoals_entry_rocks, enter_volcano_4, minivault_26, minmay_holes
Lair:6:   lookout_lair_type, grunt_megastairs_4
Lair:7:   lemuel_fruit_tree
Lair:8:   hangedman_lair_in_review, nicolae_slime_entry_slimehenge
Orc:1:    serial_shops, nicolae_shop_stone
Orc:3:    giant_chief_lemuel, serial_shops, shop, nicolae_orc_pool_cavern,
          minmay_orc_temple_a
Orc:4:    kennysheep_orc_mage_school, mines2_david
Elf:1:    serial_shops, nicolae_shop_waterfront, shop, shop, shop, shop,
          minmay_elf_demonology, grunt_megastairs_2, uniq_azrael, uniq_louise
Abyss:2:  hangedman_abyss_lost_library
Ossuary:  ossuary_zaba_two_paths
Bailey:   bailey_axe_2, bailey
Volcano:  volcano_pools

Table legend:
 A = Turns spent in this place as a percentage of turns spent in the entire game.
 B = Non-inter-level travel turns spent in this place as a percentage of non-inter-level travel turns spent in the entire game.
 C = Inter-level travel turns spent in this place as a percentage of turns spent in this place.
 D = Turns resting spent in this place as a percentage of non-inter-level travel turns spent in this place.
 E = Turns spent auto-exploring this place as a percentage of non-inter-level travel turns spent in this place.
 F = Non-inter-level travel turns spent in this place divided by the number of levels of this place that you've seen.
                   A       B       C       D       E      F
               +-------+-------+-------+-------+-------+----------------------
         Total | 100.0 | 100.0 |   0.6 |   0.7 |  10.6 | 283.1
       Dungeon |  46.4 |  46.4 |   0.7 |   1.1 |  10.3 | 297.6
        Temple |   0.6 |   0.6 |   0.0 |   0.0 |  16.4 |  61.0
          Lair |  22.0 |  22.1 |   0.4 |   0.1 |   9.5 | 265.5
  Orcish Mines |  14.2 |  14.1 |   1.0 |   0.1 |  13.3 | 339.0
   Elven Halls |   8.9 |   9.0 |   0.1 |   1.0 |   8.2 | 432.5
         Abyss |   0.4 |   0.4 |   0.0 |   0.0 |  20.6 |  34.0
       Ossuary |   3.3 |   3.3 |   0.0 |   0.0 |  17.1 | 322.0
        Bailey |   2.6 |   2.6 |   0.0 |   0.0 |   8.9 | 247.0
       Volcano |   1.6 |   1.6 |   0.0 |   0.0 |   9.8 | 153.0
               +-------+-------+-------+-------+-------+----------------------

Table legend:
 A = Kills in this place as a percentage of kills in entire the game.
 B = Kills by you in this place as a percentage of kills by you in the entire game.
 C = Kills by friends in this place as a percentage of kills by friends in the entire game.
 D = Other kills in this place as a percentage of other kills in the entire game.
 E = Experience gained in this place as a percentage of experience gained in the entire game.
 F = Experience gained in this place divided by the number of levels of this place that you have seen.
                   A       B       C       D       E      F
               +-------+-------+-------+-------+-------+----------------------
         Total | 100.0 | 100.0 | 100.0 | 100.0 | 100.0 | 4812.1
       Dungeon |  38.8 |  40.2 |   4.8 |  25.0 |  32.2 | 3512.4
          Lair |  25.1 |  23.2 |  76.2 |   0.0 |  30.8 | 6296.2
  Orcish Mines |  22.3 |  22.5 |  19.0 |   0.0 |  16.8 | 6879.5
   Elven Halls |   4.9 |   4.8 |   0.0 |  75.0 |  18.2 | 14910.0
         Abyss |   0.1 |   0.1 |   0.0 |   0.0 |   0.5 | 758.0
       Ossuary |   5.3 |   5.6 |   0.0 |   0.0 |   0.1 | 188.0
        Bailey |   3.0 |   3.1 |   0.0 |   0.0 |   0.5 | 772.0
       Volcano |   0.5 |   0.5 |   0.0 |   0.0 |   0.9 | 1498.0
               +-------+-------+-------+-------+-------+----------------------
